 Dungeon Crawl Stone Soup version 0.30-a0-928-g7f6bbad527 (webtiles) character file.

Game seed: 11077279941741902968

82807 Morbidden the Thaumaturge (level 15, 0/110 HPs)
             Began as a Demonspawn Venom Mage on Mar 23, 2023.
             Was a High Priest of Cheibriados.
             Slain by a fire giant
             ... wielding a +0 great sword of flaming
              (28 damage)
             ... on level 12 of the Dungeon.
             The game lasted 00:43:44 (23989 turns).

Morbidden the Thaumaturge (Demonspawn Venom Mage)  Turns: 23989, Time: 00:43:45

Health: 0/110      AC: 13    Str: 24    XL:     15   Next: 30%
Magic:  36/40      EV: 19    Int: 35    God:    Cheibriados [*****.]
Gold:   1073       SH:  0    Dex: 29    Spells: 24/39 levels left

rFire   . . .      SeeInvis .      - Unarmed
rCold   . . .      Faith    .    (no shield)
rNeg    . . .      Spirit   .    I - +0 troll leather armour
rPois   +          Reflect  .    R - +1 helmet of Sloth {rPois}
rElec   .          Rampage  .    (no cloak)
rCorr   .                        (no gloves)
Will    ++...                    p - +0 pair of boots
Stlth   +++                      j - amulet of magic regeneration
HPRegen 1.18/turn                k - ring of magical power
MPRegen 0.67/turn                f - ring "Lyff" {Will+ Str+3 Slay+3}

@: very slow
A: claws 1, slimy green scales 3, ignite blood 2, demonic magic 2
a: Renounce Religion, Bend Time, Temporal Distortion, Slouch, Step From Time


You were on level 12 of the Dungeon.
You worshipped Cheibriados.
Cheibriados was extremely pleased with you.
You visited 3 branches of the dungeon, and saw 19 of its levels.
You also visited: Sewer, Bailey and Gauntlet.

You collected 1509 gold pieces.
You spent 436 gold pieces at shops.

Inventory:

Hand Weapons
 m - a +1 broad axe
Missiles
 d - 12 curare-tipped darts
 g - 12 boomerangs (quivered)
 l - 6 silver boomerangs
 o - 7 poisoned darts
 z - 8 javelins
Armour
 p - a +0 pair of boots (worn)
 I - a +0 troll leather armour (worn)
 R - the +1 helmet of Sloth (worn) {rPois}
   (You found it on level 12 of the Dungeon)

   rPois:     It protects you from poison.
Jewellery
 f - the ring "Lyff" (right claw) {Will+ Str+3 Slay+3}
   (You found it in a Gauntlet)

   [ring of willpower]

   Str:       It affects your strength (+3).
   Slay:      It affects your accuracy & damage with ranged weapons and melee
   (+3).
   Will:      It increases your willpower.
 j - an amulet of magic regeneration (around neck)
 k - a ring of magical power (left claw)
 C - a ring of magical power
 M - an amulet of regeneration
 T - the ring of Nus Yskucvue {Wiz +Blink Fly rC-}
   (You found it in a Gauntlet)

   [ring of wizardry]

   It improves your spell success rate.
   rC:        It makes you vulnerable to cold.
   Fly:       It grants you flight.
   +Blink:    It lets you blink.
 V - a ring of protection from fire
Wands
 a - a wand of flame (19)
 i - a wand of mindburst (19)
 E - a wand of iceblast (28)
 K - a wand of charming (4)
 N - a wand of polymorph (8)
 P - a wand of light (11)
Scrolls
 e - 3 scrolls of immolation
 h - 3 scrolls of poison
 q - 3 scrolls of fear
 s - 10 scrolls of noise
 u - 5 scrolls of amnesia
 x - 5 scrolls of enchant armour
 y - 2 scrolls of butterflies
 A - 9 scrolls of teleportation
 B - 12 scrolls of identify
 H - 2 scrolls of magic mapping
 U - 2 scrolls of fog
Potions
 b - 3 potions of magic
 c - 7 potions of curing
 n - 4 potions of flight
 r - 2 potions of brilliance
 t - 5 potions of haste {unknown}
 v - a potion of degeneration {unknown}
 w - 4 potions of attraction {unknown}
 D - 5 potions of mutation
 F - 7 potions of might {unknown}
 G - 3 potions of cancellation {unknown}
 J - 4 potions of lignification {unknown}
 L - a potion of resistance {unknown}
 O - a potion of heal wounds
Miscellaneous
 Q - a lightning rod (4/4)
 S - a phantom mirror
 W - a tin of tremorstones (inert)


   Skills:
 * Level 8.1 Fighting
 + Level 0.2 Throwing
 * Level 7.5 Armour
 * Level 7.0 Dodging
 + Level 4.2 Stealth
 * Level 6.8 Unarmed Combat
 * Level 12.5 Spellcasting
 * Level 6.5 Conjurations
 * Level 7.1 Transmutations
 * Level 6.7 Air Magic
 * Level 7.0 Earth Magic
 + Level 9.9 Poison Magic
 * Level 9.0 Invocations
 + Level 0.3 Evocations


You had 24 spell levels left.
You knew the following spells:

 Your Spells              Type           Power      Damage    Failure   Level
a - Sting                 Tmut/Pois      100%       1d8       1%          1
b - Stone Arrow           Conj/Erth      100%       3d13      1%          3
d - Poisonous Vapours     Pois/Air       100%       N/A       1%          2
x - Blade Hands           Tmut           32%        N/A       3%          5
z - Olgreb's Toxic Radia  Pois           75%        N/A       1%          4

Your spell library contained the following spells:

 Spells                   Type           Power      Damage    Failure   Level
 Beastly Appendage        Tmut           100%       N/A       1%          1
 Foxfire                  Conj/Fire      100%       2x1d9     1%          1
 Magic Dart               Conj           100%       1d8       1%          1
 Sandblast                Erth           100%       2d20      1%          1
 Momentum Strike          Conj/Tloc      88%        3d10      1%          2
 Passwall                 Tmut/Erth      53%        N/A       1%          2
 Wereblood                Tmut           64%        N/A       1%          2
 Dazzling Flash           Conj/Hex       88%        N/A       1%          3
 Mephitic Cloud           Conj/Pois/Air  66%        N/A       1%          3
 Spider Form              Tmut/Pois      69%        N/A       1%          3
 Apportation              Tloc           42%        N/A       2%          1
 Necrotise                Necr           84%        1d8       2%          1
 Summon Small Mammal      Summ           84%        N/A       2%          1
 Blink                    Tloc           42%        N/A       3%          2
 Call Imp                 Summ           21%        N/A       3%          2
 Lesser Beckoning         Tloc           42%        N/A       3%          2
 Animate Armour           Summ/Erth      92%        N/A       4%          4
 Iskenderun's Mystic Bla  Conj/Tloc      44%        2d10      5%          4
 Gell's Gravitas          Tloc           21%        N/A       6%          3
 Ozocubu's Armour         Ice            21%        N/A       6%          3
 Teleport Other           Tloc           21%        N/A       6%          3
 Vampiric Draining        Necr           21%        2d7       6%          3
 Fireball                 Conj/Fire      22%        3d10      16%         5
 Silence                  Hex/Air        22%        N/A       16%         5
 Iron Shot                Conj/Erth      31%        9d6       21%         6
 Passage of Golubria      Tloc           21%        N/A       22%         4
 Agony                    Necr           21%        N/A       52%         5
 Starburst                Conj/Fire      22%        6d7       65%         6
 Dispersal                Tloc           10%        N/A       97%         6
 Ozocubu's Refrigeration  Ice            10%        4d9       100%        7
 Lehudib's Crystal Spear  Conj/Erth      31%        10d8      100%        8


Dungeon Overview and Level Annotations

Branches:
Dungeon (13/15)            Temple (1/1) D:6            Lair (5/5) D:10
 Shoals (0/4) Lair:2       Spider (0/4) Lair:3        Slime (0/5) Lair:4
    Orc (0/2) D:11         Vaults (0/5) D:13          Sewer (visited)
 Bailey (visited)         Gauntlet (visited)

Altars:
Ashenzari
Cheibriados
Dithmenos
Fedhas
Gozag
Hepliaklqana
Kikubaaqudgha
Nemelex Xobeh
Okawaru
Qazlal
Ru
Sif Muna
Uskayaw
Vehumet
Wu Jian
Xom

Shops:
D:4 =!?[

Annotations:
Lair:3 1 runed translucent door, Gengac's ghost, journeyman DEFE
Lair:4 exclusion: 2 oklob plants


Innate Abilities, Weirdness & Mutations

You have sharp fingernails.
You are completely covered in slimy green scales. (AC +4, rPois)
Your demonic aura often causes spilled blood to erupt in flames.
Spells you cast may paralyse nearby enemies.


Message History

The fire giant hits you with a +0 great sword of flaming!
The fire giant burns you.
Unknown command.
Unknown command.
Unknown command.
Unknown command.
The tremorstone explodes into fragments!
The burst of rock shards engulfs the fire giant!
The burst of rock shards engulfs the fire giant.
The tin is emptied!
The fire giant is engulfed in blazing flames.
The fire giant hits you with a +0 great sword of flaming!!
The fire giant burns you.
The fire giant hits you with a +0 great sword of flaming.
The fire giant burns you.
Unknown command.
Unknown command.
Activating: Slouch (2% risk of failure)
Press: ? - help, Dir - look around, f - activate You can feel time thicken for a moment.
Cheibriados lowers the support of your attributes as your movement quickens.
The fire giant is engulfed in blazing flames.
The fire giant misses you.
The fire giant hits you with a +0 great sword of flaming!
The fire giant burns you.
* * * LOW HITPOINT WARNING * * *
Unknown command.
Unknown command.
Okay, then.
Unknown command.
As you read the scroll labelled ZUVOEFU PEDEU, it crumbles to dust.
It is a scroll of enchant weapon.
Your +0 broad axe glows red for a moment.
The fire giant is engulfed in blazing flames.
The fire giant hits you with a +0 great sword of flaming.
* * * LOW HITPOINT WARNING * * *
The fire giant burns you.
* * * LOW HITPOINT WARNING * * *
The fire giant hits you with a +0 great sword of flaming!!
You die...

.........#..## ##............
.......#....# #..(#........
...........## ##...........
###'###..}.# #...#.......
###'###...######+######..#.......
.....##...#<.........<#..###.###.
.....'...##..........?##.# #.####
.....###..#>...C☼C.?.>#..# #.'###
.....# #..######@######..# ###≈≈≈
.....# #...#...§.☼...#...# #≈..
.....###..)##.......##.)######≈..
............#.......#........#≈..
########....##..†..##....########
###...#.....#....##
##..##...##..### #...#...#...#
##..##.##..##


You could see 2 fire giants.

Vanquished Creatures
  Frances (D:12)
  Kirke (Lair:5)
  A very ugly thing (D:12)
  A cacodemon (Gauntlet)
  Azrael (D:12)
  A minotaur (Gauntlet)
  An ice dragon (D:12)
  9 hydras
  10 vault guards
  4 boulder beetles
  4 two-headed ogres
  2 centaur warriors
  9 death yaks
  A thrashing horror (Gauntlet)
  Sonja (D:12)
  4 skysharks
  A fire crab (shapeshifter) (D:13)
  3 skeletal warriors (D:13)
  4 deep elf pyromancers
  3 ugly things
  2 manticores (D:13)
  A cyclops (D:12)
  12 elephants
  3 merfolk sirens (Lair:2)
  4 black mambas
  7 cane toads
  A gargoyle (D:12)
  Joseph (D:7)
  A rime drake (Lair:3)
  7 komodo dragons
  2 tengu conjurers (D:12)
  3 trolls
  A merfolk (Lair:2)
  5 polar bears
  A tarantella (Lair:3)
  Prince Ribbit (Bailey)
  9 blink frogs
  2 hornets (Lair:5)
  7 dream sheep
  66 yaks
  12 spriggans
  4 wyverns
  4 wraiths
  2 vampires
  3 hogs (Lair:5)
  A fire elemental (D:12)
  5 humans
  14 vampire mosquitoes
  8 basilisks
  2 steam dragons
  3 hell hounds (D:12)
  10 water moccasins
  8 black bears
  2 sky beasts
  4 orc warriors
  An ogre (D:6)
  33 wolves
  5 boggarts (Lair:5)
  13 centaurs
  A phantom (D:4)
  3 kobold brigands
  16 bullfrogs
  4 scorpions
  13 wights
  23 killer bees
  5 howler monkeys
  2 electric eels (D:6)
  3 hounds (D:6)
  4 small abominations (Gauntlet)
  2 jellies (D:6)
  4 orc priests
  A sleepcap (D:7)
  4 iguanas
  3 orc wizards
  9 adders
  4 river rats (Sewer)
  An ufetubus (D:5)
  2 worms (D:2)
  4 dart slugs
  33 orcs
  3 endoplasms
  4 giant cockroaches
  13 goblins
  16 hobgoblins
  3 jackals
  16 kobolds
  3 quokkas
  7 ball pythons
  4 bats
  7 frilled lizards
  6 rats
555 creatures vanquished.

Vanquished Creatures (others)
  A human (Lair:5)
  An orc (D:6)
  A butterfly (D:6)
  24 fungi
  21 plants
  4 withered plants (Gauntlet)
52 creatures vanquished.

Grand Total: 607 creatures vanquished

Notes
Turn   | Place    | Note
-------+----------+-------------------------------------------
     0 | D:1      | Morbidden the Demonspawn Venom Mage began the quest for the
                  | Orb.
     0 | D:1      | Reached XP level 1. HP: 13/13 MP: 3/3
   283 | D:1      | Gained mutation: You have sharp fingernails. [demonic
                  | ancestry]
   283 | D:1      | Reached XP level 2. HP: 20/20 MP: 1/5
   572 | D:1      | Learned a level 2 spell: Poisonous Vapours
   664 | D:1      | Reached skill level 1 in Transmutations
   789 | D:1      | Reached skill level 1 in Armour
   964 | D:1      | Reached XP level 3. HP: 25/25 MP: 3/6
  1036 | D:1      | Found a faded altar of an unknown god.
  1863 | D:2      | Reached skill level 1 in Fighting
  2066 | D:2      | Gained mutation: You are partially covered in slimy green
                  | scales. (AC +2) [demonic ancestry]
  2066 | D:2      | Reached XP level 4. HP: 32/32 MP: 4/7
  2741 | D:3      | Found an opulent altar of Gozag.
  2741 | D:3      | Found a broken altar of Ashenzari.
  2746 | D:3      | Found a faded altar of an unknown god.
  2748 | D:3      | Found an ancient bone altar of Kikubaaqudgha.
  2749 | D:3      | Found a faded altar of an unknown god.
  2768 | D:3      | Noticed a scorpion
  2777 | D:3      | Killed a scorpion
  2778 | D:3      | Reached skill level 1 in Air Magic
  2778 | D:3      | Gained mutation: Spells you cast may paralyse adjacent
                  | enemies. [demonic ancestry]
  2778 | D:3      | Reached XP level 5. HP: 24/37 MP: 9/9
  2800 | D:3      | Found a glowing drain.
  2813 | Sewer    | Entered a sewer
  2832 | Sewer    | Reached skill level 3 in Spellcasting
  3126 | Sewer    | Reached XP level 6. HP: 24/43 MP: 10/10
  3691 | D:3      | Learned a level 4 spell: Olgreb's Toxic Radiance
  3823 | D:4      | Found Riagov's Magic Scroll Shoppe.
  3828 | D:4      | Bought a scroll of poison for 52 gold pieces
  3828 | D:4      | Bought a scroll of identify for 26 gold pieces
  3831 | D:4      | Bought 3 scrolls of identify for 78 gold pieces
  3864 | D:4      | Found Tetz's Distillery.
  4228 | D:4      | Reached skill level 1 in Unarmed Combat
  4347 | D:4      | Found Boxeyst's Jewellery Boutique.
  4702 | D:4      | Found Caess's Antique Armour Boutique.
  5021 | D:5      | Entered Level 5 of the Dungeon
  5029 | D:5      | Reached XP level 7. HP: 35/50 MP: 12/12
  5551 | D:5      | Identified the +5 spear "Nutiah" {speed, Fly}
  5723 | D:5      | Learned a level 3 spell: Stone Arrow
  5818 | D:5      | Reached skill level 4 in Spellcasting
  5916 | D:5      | Identified the +1 short sword of Obopa {heavy, Fly rC- rN+
                  | Stlth+}
  6256 | D:6      | Found a staircase to the Ecumenical Temple.
  6273 | Temple   | Entered the Ecumenical Temple
  6320 | Temple   | Became a worshipper of Cheibriados the Contemplative
  6370 | D:6      | Reached skill level 1 in Earth Magic
  6370 | D:6      | Gained mutation: Spells you cast may paralyse nearby
                  | enemies. [demonic ancestry]
  6370 | D:6      | Reached XP level 8. HP: 57/57 MP: 7/14
  6719 | D:6      | Reached skill level 5 in Poison Magic
  6960 | D:6      | Reached skill level 1 in Conjurations
  7330 | D:6      | Reached skill level 1 in Invocations
  7755 | D:7      | Noticed a deep elf pyromancer
  7963 | D:7      | Noticed Joseph
  7969 | D:7      | Killed a deep elf pyromancer
  7970 | D:7      | Reached skill level 5 in Spellcasting
  7970 | D:7      | Gained mutation: You are mostly covered in slimy green
                  | scales. (AC +3) [demonic ancestry]
  7970 | D:7      | Reached XP level 9. HP: 42/63 MP: 10/16
  8425 | D:7      | Reached * piety under Cheibriados
  9003 | D:7      | Killed Joseph
  9256 | D:4      | Bought a ring of magical power for 280 gold pieces
  9562 | D:8      | Found a hide-covered altar of Uskayaw.
  9590 | D:8      | Reached skill level 6 in Spellcasting
  9615 | D:8      | Reached XP level 10. HP: 36/65 MP: 8/19
  9635 | D:8      | Found a flagged portal.
  9771 | Bailey   | Entered a bailey
 10098 | Bailey   | Noticed a vault guard
 10098 | Bailey   | Noticed Prince Ribbit
 10108 | Bailey   | Killed Prince Ribbit
 10109 | Bailey   | Killed a vault guard
 10232 | Bailey   | Noticed a vault guard
 10240 | Bailey   | Killed a vault guard
 10444 | D:8      | Noticed a two-headed ogre
 10450 | D:8      | Killed a two-headed ogre
 10451 | D:8      | Reached skill level 7 in Spellcasting
 10536 | D:8      | Found a sparkling altar of Nemelex Xobeh.
 10549 | D:8      | Reached ** piety under Cheibriados
 10724 | D:8      | Reached XP level 11. HP: 49/78 MP: 1/21
 11112 | D:8      | Noticed a two-headed ogre
 11119 | D:8      | Killed a two-headed ogre
 11462 | D:9      | Noticed a two-headed ogre
 11466 | D:9      | Killed a two-headed ogre
 11467 | D:9      | Reached skill level 5 in Fighting
 11723 | D:9      | Reached *** piety under Cheibriados
 12358 | D:10     | Entered Level 10 of the Dungeon
 12372 | D:10     | Reached skill level 8 in Spellcasting
 12571 | D:10     | Noticed a death yak
 12586 | D:10     | Killed a death yak
 12587 | D:10     | Reached skill level 5 in Transmutations
 12646 | D:10     | Found a staircase to the Lair.
 12647 | D:10     | Noticed a death yak
 12650 | D:10     | Noticed a centaur warrior
 12656 | D:10     | Killed a death yak
 12657 | D:10     | Reached skill level 5 in Dodging
 12657 | D:10     | Noticed a death yak
 12663 | D:10     | Killed a centaur warrior
 12675 | D:10     | Killed a death yak
 13339 | D:10     | Found a stormy altar of Qazlal.
 13360 | D:10     | Noticed a two-headed ogre
 13367 | D:10     | Killed a two-headed ogre
 13368 | D:10     | Reached skill level 5 in Invocations
 13368 | D:10     | Reached XP level 12. HP: 74/87 MP: 24/24
 13552 | D:10     | Learned a level 5 spell: Blade Hands
 13843 | D:11     | Noticed a boulder beetle
 13849 | D:11     | Killed a boulder beetle
 13850 | D:11     | Reached skill level 5 in Armour
 13945 | D:11     | Reached **** piety under Cheibriados
 14103 | D:11     | Noticed a boulder beetle
 14123 | D:11     | Killed a boulder beetle
 14586 | D:11     | Found a staircase to the Orcish Mines.
 14659 | D:11     | Reached skill level 9 in Spellcasting
 14708 | Lair:1   | Entered Level 1 of the Lair of Beasts
 14972 | Lair:1   | Noticed a boulder beetle
 14977 | Lair:1   | Killed a boulder beetle
 15599 | Lair:2   | Noticed a five-headed hydra
 15606 | Lair:2   | Killed a five-headed hydra
 15607 | Lair:2   | Reached skill level 5 in Earth Magic
 15755 | Lair:2   | Reached skill level 5 in Unarmed Combat
 16055 | Lair:2   | Reached skill level 5 in Air Magic
 16428 | Lair:2   | Found a staircase to the Shoals.
 16635 | Lair:2   | Gained mutation: You are completely covered in slimy green
                  | scales. (AC +4, rPois) [demonic ancestry]
 16635 | Lair:2   | Reached XP level 13. HP: 94/94 MP: 26/26
 17087 | Lair:3   | Reached ***** piety under Cheibriados
 17184 | Lair:3   | Reached skill level 10 in Spellcasting
 17186 | Lair:3   | Reached skill level 5 in Conjurations
 17351 | Lair:3   | Found a runed translucent door.
 17351 | Lair:3   | Noticed Gengac's ghost (journeyman DEFE)
 18088 | Lair:3   | Found a hole to the Spider Nest.
 18952 | Lair:4   | Reached skill level 11 in Spellcasting
 19023 | Lair:4   | Gained mutation: Your demonic aura sometimes causes spilled
                  | blood to erupt in flames. [demonic ancestry]
 19023 | Lair:4   | Reached XP level 14. HP: 103/103 MP: 14/29
 19180 | Lair:4   | Found a staircase to the Slime Pits.
 19779 | Lair:5   | Entered Level 5 of the Lair of Beasts
 19872 | Lair:5   | Reached ****** piety under Cheibriados
 20171 | Lair:5   | Noticed Kirke
 20181 | Lair:5   | Killed Kirke
 20540 | Lair:5   | Identified the staff of fire "Ruub Ufe" {rF+ Int+3}
 21180 | D:12     | Found a gate leading to a gauntlet.
 21195 | D:12     | Identified the +1 helmet of Sloth {rPois}
 21213 | Gauntlet | Entered a Gauntlet
 21213 | Gauntlet | Found a transporter.
 21236 | Gauntlet | Found a transporter.
 21239 | Gauntlet | Found a transporter.
 21242 | Gauntlet | Found a transporter.
 21243 | Gauntlet | Found a transporter.
 21244 | Gauntlet | Found a transporter.
 21255 | Gauntlet | Noticed a cacodemon
 21260 | Gauntlet | Found a transporter.
 21265 | Gauntlet | Found a transporter.
 21333 | Gauntlet | Found a transporter.
 21349 | Gauntlet | Found a transporter.
 21353 | Gauntlet | Found a transporter.
 21363 | Gauntlet | Found a transporter.
 21435 | Gauntlet | Killed a cacodemon
 21442 | Gauntlet | Identified the ring "Lyff" {Will+ Str+3 Slay+3}
 21473 | Gauntlet | Identified the staff of conjuration "Byifull" {rCorr}
 21474 | Gauntlet | Identified the ring of Nus Yskucvue {Wiz +Blink Fly rC-}
 21576 | D:12     | Noticed Sonja
 21579 | D:12     | Killed Sonja
 21648 | D:12     | Reached skill level 12 in Spellcasting
 21873 | D:12     | Noticed a red very ugly thing
 21886 | D:12     | Killed a red very ugly thing
 21887 | D:12     | HP: 3/104 [red ugly thing (14)]
 22261 | D:12     | Noticed Frances
 22268 | D:12     | Killed Frances
 22503 | D:12     | Noticed Azrael
 22509 | D:12     | Killed Azrael
 22630 | D:13     | Gained mutation: Your demonic aura often causes spilled
                  | blood to erupt in flames. [demonic ancestry]
 22630 | D:13     | Reached XP level 15. HP: 45/110 MP: 29/31
 23079 | D:13     | Found a gate to the Vaults.
 23985 | D:12     | Noticed a fire giant
 23985 | D:12     | Noticed a fire giant
 23989 | D:12     | Slain by a fire giant

Illustrated notes

Levels and vault maps discovered:
D:1:      shiori_arrival_maze, layout_basic,
          shapermc_ecumenical_altar_mp_urbaneastern
D:2:      layout_basic, nrook_campfire
D:3:      layout_basic, chequers_temple_overflow_minitemple,
          portal_sewer_entry_b, wander_ebering_terrifying_dragon_lair
D:4:      layout_basic, serial_shops, shop_fountains, nicolae_diamond_shop,
          nicolae_inconvenience_store, nicolae_diamond_shop,
          minmay_splitting_lines, kennysheep_generic_room_7
D:5:      minmay_spotlight, layout_basic, grunt_decor_one_mirror
D:6:      layout_basic, nicolae_elyvilon_peaceful_grove,
          minmay_temple_entry_offerings, minmay_crystal_water,
          dreamdust_mushroom_princess, corexii_checkpoint_a
D:7:      cheibrodos_fzero, layout_rooms, uniq_joseph
D:8:      layout_basic, nicolae_overflow_crystal_walls,
          nicolae_uskayaw_dance_hall, enter_bailey_3, serial_park_tiny_1
D:9:      layout_gridville, dk_noncrumbling_3
D:10:     layout_roguey, general_overflow_altar, dpeg_lair_monsters
D:11:     layout_roguey, orc_0_dummy, lemuel_flamethrower_1
D:12:     minmay_diamond_stairs, layout_basic, serial_rivers,
          chequers_serial_rivers_micro_b, chequers_serial_rivers_room_a,
          chequers_serial_rivers_micro_e, chequers_serial_rivers_micro_b,
          chequers_serial_rivers_micro_a, gauntlet_entry_generic, uniq_sonja,
          uniq_azrael, uniq_frances
D:13:     layout_irregular_city, erik_vaults_2
Temple:   regret_index_temple_waves
Lair:1:   layout_misc_corridors, nicolae_quartered_pool_impasse
Lair:2:   layout_small_grid, elwin_shoals_entry_stream, forest_entry_grove,
          infiniplex_staircase_pool_2
Lair:3:   layout_small_grid, spider_nest_entry_rubble,
          hellmonk_ghost_happy_afterlife, hangedman_lair_generics_rect
Lair:4:   layout_cellular_growth, minmay_slime_entry_oklob_open
Lair:5:   minmay_lair_end_enchanted_forest, layout_long_grid,
          infiniplex_staircase_pool, uniq_kirke

Skill      XL: |  1  2  3  4  5  6  7  8  9 10 11 12 13 14 15 |
---------------+----------------------------------------------+-----
Transmutations | 1 2 3 4 5 6 7 |  7.1
Armour         | 1 2 3 4 5 6 7 |  7.5
Dodging        | 2 3 4 5 6 7 |  7.0
Fighting       | 1 2 3 4 5 6 7 8 |  8.1
Air Magic      | 1 2 3 4 5 6 |  6.7
Spellcasting   | 3 4 5 6 7 8 9 11 12 | 12.5
Poison Magic   | 4 5 6 7 8 9 |  9.9
Stealth        | 2 3 4 |  4.2
Unarmed Combat | 1 2 3 4 5 6 |  6.8
Earth Magic    | 1 2 3 4 5 6 7 |  7.0
Conjurations   | 1 2 3 4 5 6 |  6.5
Invocations    | 1 2 4 5 6 7 8 9 |  9.0
Throwing       | |  0.2
Evocations     | |  0.3

Action                     |  1- 3 |  4- 6 |  7- 9 | 10-12 | 13-15 || total
---------------------------+-------+-------+-------+-------+-------++-------
  Melee: Unarmed           |    72 |    88 |    63 |    97 |   153 ||   473
         Punch             |       |     2 |     1 |     9 |    13 ||    25
  Throw: Boomerang         |       |     1 |     8 |     7 |     4 ||    20
         Dart              |       |       |     1 |       |       ||     1
   Cast: Sting             |    79 |   144 |   126 |    47 |     3 ||   399
         Poisonous Vapours |     4 |     9 |    86 |    13 |       ||   112
         Olgreb's Toxic Ra |       |       |    25 |    88 |   130 ||   243
         Stone Arrow       |       |       |    21 |   148 |   266 ||   435
         Blade Hands       |       |       |       |     4 |    22 ||    26
 Invoke: Slouch            |       |       |       |       |     5 ||     5
  Evoke: Wand              |       |       |       |     3 |       ||     3
         Tin of tremorston |       |       |       |       |     2 ||     2
    Use: Scroll            |       |     6 |     5 |     3 |     2 ||    16
         Potion            |       |     1 |     4 |     4 |     1 ||    10
   Stab: Paralysed         |       |    34 |    16 |    29 |    18 ||    97
         Distracted        |       |       |       |       |     1 ||     1
 Armour: Robe              |    27 |    48 |    24 |     8 |       ||   107
         Troll leather arm |       |       |       |    23 |    79 ||   102
  Dodge: Dodged            |    56 |   100 |    93 |   108 |   231 ||   588

Table legend: (Time is in decaauts)
 A = Elapsed time spent in this place.
 B = Non-inter-level travel time spent in this place.
 C = Inter-level travel time spent in this place.
 D = Time resting spent in this place.
 E = Time spent auto-exploring this place.
 F = Levels seen in this place.
 G = Mean time per level.
                   A        B        C        D        E       F      G
               +--------+--------+--------+--------+--------+-----+--------+
         Total |  30326 |  28731 |   1595 |   3104 |  21520 |  22 | 1378.5 |
       Dungeon |  18848 |  17657 |   1191 |   2401 |  12762 |  13 | 1449.8 |
        Temple |     73 |     49 |     24 |      0 |     30 |   1 |   73.0 |
          Lair |   9611 |   9231 |    380 |    298 |   7874 |   5 | 1922.2 |
         Sewer |    503 |    503 |      0 |    192 |    179 |   1 |  503.0 |
        Bailey |    706 |    706 |      0 |    213 |    356 |   1 |  706.0 |
      Gauntlet |    582 |    582 |      0 |      0 |    318 |   1 |  582.0 |
               +--------+--------+--------+--------+--------+-----+--------+

Top non-repeatable levels by time:
     D:6: 2258 daAuts
  Lair:2: 2122 daAuts
  Lair:4: 2110 daAuts
  Lair:3: 2067 daAuts
    D:13: 2022 daAuts
  Lair:5: 1969 daAuts
    D:10: 1816 daAuts
    D:12: 1669 daAuts
     D:7: 1451 daAuts
     D:8: 1441 daAuts
  Lair:1: 1341 daAuts
    D:11: 1324 daAuts
     D:1: 1296 daAuts
     D:4: 1258 daAuts
     D:9: 1183 daAuts
